[ PARTIDA AOE2 · #495998073 ]
UnrankedMapuche vs Incas
Equipo del jugador · DERR
Equipo rival · VICT
[ ANÁLISIS DE REPETICIÓN · EXTRAÍDO DE LA PARTIDA GRABADA ]
Feudal
10:55
Castillos
14:46
Imperial
—
| APM promedio | 79.2 |
| APM pico | 162 |
| eAPM promedio | 45.7 |
| Aldeanos / militares | 72 / 53 |
Foco
⚔️ 52.7% · 🌾 47.3%
Kona ×35 · Scorpion ×12 · Mangonel ×6
Feudal
9:20
Castillos
18:18
Imperial
—
| APM promedio | 53.8 |
| APM pico | 91 |
| eAPM promedio | 23.9 |
| Aldeanos / militares | 86 / 40 |
Foco
⚔️ 28.4% · 🌾 71.6%
Spearman ×23 · Archer ×5 · Kamayuk ×5 · Monk ×4 · Unknown (2550) ×4 · Mangonel ×2
Mapa de la partida
Recursos iniciales + cada clic de construcción. Líneas = muros · curvas = relieve. ◆ oro · ⬟ piedra · ● bayas · ✦ reliquia · ◌ hueco del cierre
Tu base· Abierta — flanco sin cerrar
Base de boanaan· Abierta — flanco sin cerrar
Terreno inicial suavizado · ◌ = hueco del cierre detectado · pasá el cursor para detalles
Inputs por minuto
— CL | Inkisidor_ - - boanaan
Build order — CL | Inkisidor_
Primeras 150 de 199 acciones detectadas
| 0:00 | Crear | Villager (Male) |
| 0:00 | Crear | Villager (Male) |
| 0:01 | Crear | Villager (Male) |
| 0:01 | Crear | Villager (Male) |
| 0:02 | Construir | House |
| 0:02 | Construir | House |
| 1:27 | Crear | Villager (Male) |
| 1:44 | Construir | Settlement |
| 1:49 | Crear | Villager (Male) |
| 2:22 | Crear | Villager (Male) |
| 2:44 | Crear | Villager (Male) |
| 3:05 | Crear | Villager (Male) |
| 3:21 | Crear | Villager (Male) |
| 3:42 | Crear | Villager (Male) |
| 3:52 | Crear | Villager (Male) |
| 3:52 | Crear | Villager (Male) |
| 4:31 | Construir | Settlement |
| 4:45 | Crear | Villager (Male) |
| 4:54 | Crear | Villager (Male) |
| 4:58 | Crear | Villager (Male) |
| 5:24 | Crear | Villager (Male) |
| 5:42 | Construir | Palisade Wall |
| 5:44 | Construir | Palisade Wall |
| 5:49 | Crear | Villager (Male) |
| 6:32 | Crear | Villager (Male) |
| 7:11 | Construir | Settlement |
| 7:15 | Crear | Villager (Male) |
| 7:35 | Construir | Palisade Wall |
| 7:42 | Crear | Villager (Male) |
| 7:50 | Investigar | Loom |
| 8:02 | Investigar | Feudal Age |
| 8:56 | Construir | Palisade Wall |
| 8:56 | Construir | Palisade Wall |
| 8:57 | Construir | Palisade Wall |
| 9:33 | Construir | Palisade Wall |
| 9:38 | Construir | Palisade Wall |
| 9:40 | Construir | Palisade Wall |
| 9:41 | Construir | Palisade Wall |
| 9:43 | Construir | Palisade Wall |
| 9:45 | Construir | Palisade Wall |
| 9:46 | Construir | Palisade Wall |
| 9:47 | Construir | Palisade Wall |
| 9:49 | Construir | Palisade Wall |
| 9:50 | Construir | Palisade Wall |
| 10:16 | Construir | Palisade Wall |
| 10:35 | Construir | Palisade Wall |
| 10:36 | Construir | Palisade Wall |
| 10:39 | Construir | Palisade Wall |
| 10:40 | Construir | Palisade Wall |
| 10:55 | Edad | Edad Feudal |
| 11:05 | Construir | Market |
| 11:15 | Crear | Villager (Male) |
| 11:15 | Crear | Villager (Male) |
| 11:22 | Construir | Blacksmith |
| 11:38 | Construir | Palisade Wall |
| 11:39 | Construir | Palisade Wall |
| 12:06 | Investigar | Castle Age |
| 12:06 | Investigar | Castle Age |
| 12:06 | Investigar | Castle Age |
| 13:04 | Construir | Farm |
| 13:30 | Construir | House |
| 13:44 | Construir | Palisade Gate |
| 13:53 | Construir | Farm |
| 14:42 | Crear | Villager (Male) |
| 14:46 | Edad | Edad de los Castillos |
| 14:57 | Construir | Castle |
| 15:04 | Construir | Farm |
| 15:07 | Construir | Farm |
| 15:09 | Construir | Farm |
| 15:10 | Crear | Villager (Male) |
| 15:33 | Construir | Farm |
| 15:50 | Crear | Villager (Male) |
| 15:53 | Construir | Farm |
| 15:59 | Crear | Kona |
| 15:59 | Crear | Kona |
| 15:59 | Crear | Kona |
| 16:14 | Construir | Farm |
| 16:32 | Construir | Farm |
| 16:33 | Crear | Villager (Male) |
| 16:42 | Crear | Kona |
| 16:42 | Crear | Kona |
| 16:42 | Crear | Kona |
| 16:46 | Crear | Villager (Male) |
| 16:58 | Construir | Farm |
| 17:04 | Crear | Kona |
| 17:28 | Crear | Villager (Male) |
| 17:28 | Crear | Villager (Male) |
| 17:28 | Crear | Villager (Male) |
| 17:39 | Crear | Villager (Male) |
| 17:47 | Crear | Kona |
| 17:48 | Crear | Kona |
| 17:48 | Crear | Kona |
| 17:59 | Construir | Farm |
| 18:00 | Crear | Villager (Male) |
| 18:00 | Crear | Villager (Male) |
| 18:00 | Crear | Villager (Male) |
| 18:10 | Investigar | Double-Bit Axe |
| 18:11 | Investigar | Horse Collar |
| 18:17 | Crear | Kona |
| 18:18 | Crear | Kona |
| 18:18 | Crear | Kona |
| 18:24 | Crear | Villager (Male) |
| 18:38 | Crear | Kona |
| 18:55 | Construir | Siege Workshop |
| 18:58 | Crear | Kona |
| 18:58 | Crear | Kona |
| 18:59 | Crear | Kona |
| 19:10 | Crear | Villager (Male) |
| 19:32 | Crear | Villager (Male) |
| 19:35 | Construir | Farm |
| 19:37 | Construir | Farm |
| 19:38 | Crear | Villager (Male) |
| 19:40 | Crear | Scorpion |
| 19:40 | Crear | Scorpion |
| 19:40 | Crear | Scorpion |
| 19:51 | Crear | Kona |
| 19:51 | Crear | Kona |
| 19:58 | Crear | Scorpion |
| 19:58 | Crear | Scorpion |
| 20:02 | Investigar | Horse Collar |
| 20:03 | Investigar | Horse Collar |
| 20:19 | Crear | Scorpion |
| 20:19 | Crear | Scorpion |
| 20:19 | Crear | Scorpion |
| 20:21 | Crear | Villager (Male) |
| 20:29 | Crear | Villager (Male) |
| 20:41 | Crear | Scorpion |
| 20:41 | Crear | Scorpion |
| 20:42 | Crear | Villager (Male) |
| 20:56 | Crear | Villager (Male) |
| 20:59 | Crear | Villager (Male) |
| 21:04 | Crear | Villager (Male) |
| 21:08 | Crear | Villager (Male) |
| 21:10 | Crear | Villager (Male) |
| 21:14 | Crear | Villager (Male) |
| 21:18 | Crear | Villager (Male) |
| 21:28 | Crear | Scorpion |
| 21:46 | Construir | Farm |
| 21:50 | Crear | Kona |
| 21:50 | Crear | Kona |
| 21:54 | Investigar | Forging |
| 22:07 | Construir | Town Center |
| 22:16 | Construir | Farm |
| 22:17 | Construir | Farm |
| 22:18 | Crear | Villager (Male) |
| 22:21 | Crear | Villager (Male) |
| 22:26 | Construir | Farm |
| 22:26 | Construir | Farm |
| 22:52 | Crear | Kona |
| 22:53 | Crear | Kona |
Build order — boanaan
Primeras 150 de 192 acciones detectadas
| 0:02 | Construir | House |
| 0:04 | Crear | Villager (Male) |
| 0:04 | Crear | Villager (Male) |
| 0:05 | Construir | House |
| 0:08 | Crear | Villager (Male) |
| 0:08 | Crear | Villager (Male) |
| 0:08 | Crear | Villager (Male) |
| 1:32 | Crear | Villager (Male) |
| 1:58 | Construir | Settlement |
| 2:05 | Construir | Settlement |
| 2:06 | Crear | Villager (Male) |
| 2:30 | Crear | Villager (Male) |
| 2:30 | Crear | Villager (Male) |
| 2:30 | Crear | Villager (Male) |
| 3:08 | Crear | Villager (Male) |
| 3:47 | Crear | Villager (Male) |
| 4:03 | Crear | Villager (Male) |
| 4:38 | Crear | Villager (Male) |
| 4:38 | Crear | Villager (Male) |
| 4:38 | Crear | Villager (Male) |
| 4:42 | Crear | Villager (Male) |
| 5:06 | Construir | Settlement |
| 5:11 | Crear | Villager (Male) |
| 5:47 | Crear | Villager (Male) |
| 5:53 | Investigar | Loom |
| 6:40 | Crear | Villager (Male) |
| 6:52 | Construir | Barracks |
| 7:10 | Investigar | Feudal Age |
| 7:51 | Construir | Settlement |
| 7:58 | Crear | Unit 2550 |
| 7:58 | Crear | Unit 2550 |
| 7:59 | Crear | Unit 2550 |
| 8:54 | Crear | Villager (Male) |
| 9:20 | Edad | Edad Feudal |
| 9:20 | Investigar | Double-Bit Axe |
| 9:23 | Investigar | Tech 1402 |
| 9:36 | Construir | Archery Range |
| 9:39 | Crear | Villager (Male) |
| 10:05 | Crear | Villager (Male) |
| 10:13 | Investigar | Horse Collar |
| 10:19 | Construir | Farm |
| 10:29 | Crear | Unit 2550 |
| 10:31 | Crear | Villager (Male) |
| 10:52 | Crear | Archer |
| 10:52 | Crear | Archer |
| 10:54 | Crear | Villager (Male) |
| 10:55 | Crear | Villager (Male) |
| 11:21 | Construir | Farm |
| 11:23 | Construir | Farm |
| 11:24 | Crear | Archer |
| 11:26 | Crear | Villager (Male) |
| 11:30 | Construir | Farm |
| 11:51 | Crear | Archer |
| 11:55 | Crear | Villager (Male) |
| 11:59 | Construir | Farm |
| 12:38 | Crear | Villager (Male) |
| 12:39 | Crear | Archer |
| 12:49 | Construir | Farm |
| 13:04 | Crear | Villager (Male) |
| 13:12 | Construir | Farm |
| 13:18 | Crear | Villager (Male) |
| 13:27 | Construir | Farm |
| 13:53 | Crear | Villager (Male) |
| 13:55 | Construir | Farm |
| 13:57 | Construir | Farm |
| 14:12 | Crear | Villager (Male) |
| 14:31 | Construir | Blacksmith |
| 14:36 | Crear | Villager (Male) |
| 15:09 | Crear | Villager (Male) |
| 15:37 | Crear | Villager (Male) |
| 15:38 | Investigar | Castle Age |
| 15:56 | Crear | Spearman |
| 15:59 | Construir | Barracks |
| 16:06 | Construir | House |
| 16:08 | Construir | Palisade Wall |
| 16:12 | Construir | House |
| 16:15 | Construir | Palisade Wall |
| 16:21 | Crear | Spearman |
| 16:31 | Construir | House |
| 16:32 | Construir | House |
| 16:33 | Construir | House |
| 16:39 | Construir | Palisade Wall |
| 16:45 | Crear | Spearman |
| 16:52 | Crear | Spearman |
| 17:06 | Crear | Spearman |
| 17:06 | Crear | Villager (Male) |
| 17:28 | Crear | Villager (Male) |
| 17:38 | Crear | Spearman |
| 17:39 | Crear | Spearman |
| 18:01 | Crear | Spearman |
| 18:05 | Construir | Palisade Wall |
| 18:18 | Edad | Edad de los Castillos |
| 18:21 | Crear | Villager (Male) |
| 18:23 | Construir | Town Center |
| 18:29 | Investigar | Pikeman (upgrade) |
| 18:29 | Investigar | Squires |
| 18:33 | Construir | Monastery |
| 18:49 | Crear | Villager (Male) |
| 19:12 | Crear | Villager (Male) |
| 19:13 | Crear | Spearman |
| 19:14 | Crear | Spearman |
| 19:19 | Crear | Monk |
| 19:24 | Crear | Villager (Male) |
| 19:37 | Construir | Town Center |
| 19:38 | Crear | Villager (Male) |
| 19:48 | Crear | Villager (Male) |
| 19:50 | Crear | Spearman |
| 19:56 | Crear | Villager (Male) |
| 19:57 | Construir | House |
| 20:01 | Construir | Farm |
| 20:01 | Construir | Farm |
| 20:02 | Construir | Farm |
| 20:07 | Crear | Villager (Male) |
| 20:28 | Construir | House |
| 20:30 | Crear | Villager (Male) |
| 20:33 | Crear | Spearman |
| 20:33 | Crear | Spearman |
| 20:46 | Construir | Farm |
| 20:46 | Construir | Farm |
| 20:46 | Construir | Farm |
| 20:48 | Crear | Villager (Male) |
| 20:59 | Crear | Villager (Male) |
| 21:00 | Crear | Monk |
| 21:15 | Crear | Villager (Male) |
| 21:25 | Crear | Villager (Male) |
| 21:28 | Construir | House |
| 21:29 | Crear | Villager (Male) |
| 21:43 | Crear | Monk |
| 21:43 | Crear | Villager (Male) |
| 21:46 | Construir | Siege Workshop |
| 21:47 | Crear | Villager (Male) |
| 21:52 | Construir | Farm |
| 21:52 | Construir | Farm |
| 21:52 | Construir | Farm |
| 21:52 | Construir | Farm |
| 21:52 | Construir | Farm |
| 21:53 | Crear | Villager (Male) |
| 22:12 | Crear | Villager (Male) |
| 22:17 | Crear | Spearman |
| 22:18 | Crear | Spearman |
| 22:25 | Crear | Villager (Male) |
| 22:40 | Crear | Spearman |
| 22:51 | Crear | Villager (Male) |
| 22:51 | Crear | Villager (Male) |
| 22:52 | Crear | Villager (Male) |
| 23:02 | Crear | Spearman |
| 23:02 | Crear | Spearman |
| 23:02 | Crear | Spearman |
| 23:19 | Crear | Villager (Male) |
| 23:22 | Crear | Villager (Male) |
Cronología de la partida
| 5:42 | CL | Inkisidor_ · wall_segment Palisade Wall x6 |
| 5:44 | CL | Inkisidor_ · wall_segment Palisade Wall x9 |
| 6:52 | boanaan · first_building Barracks |
| 7:35 | CL | Inkisidor_ · wall_segment Palisade Wall x6 |
| 8:56 | CL | Inkisidor_ · wall_segment Palisade Wall x1 |
| 8:56 | CL | Inkisidor_ · wall_segment Palisade Wall x1 |
| 8:57 | CL | Inkisidor_ · wall_segment Palisade Wall x1 |
| 9:20 | boanaan · age_up feudal |
| 9:33 | CL | Inkisidor_ · wall_segment Palisade Wall x1 |
| 9:36 | boanaan · first_building Archery Range |
| 9:38 | CL | Inkisidor_ · wall_segment Palisade Wall x1 |
| 9:40 | CL | Inkisidor_ · wall_segment Palisade Wall x1 |
| 9:41 | CL | Inkisidor_ · wall_segment Palisade Wall x1 |
| 9:43 | CL | Inkisidor_ · wall_segment Palisade Wall x1 |
| 9:45 | CL | Inkisidor_ · wall_segment Palisade Wall x1 |
| 9:46 | CL | Inkisidor_ · wall_segment Palisade Wall x1 |
| 9:47 | CL | Inkisidor_ · wall_segment Palisade Wall x1 |
| 9:49 | CL | Inkisidor_ · wall_segment Palisade Wall x1 |
| 9:50 | CL | Inkisidor_ · wall_segment Palisade Wall x1 |
| 10:16 | CL | Inkisidor_ · wall_segment Palisade Wall x5 |
| 10:35 | CL | Inkisidor_ · wall_segment Palisade Wall x1 |
| 10:36 | CL | Inkisidor_ · wall_segment Palisade Wall x1 |
| 10:39 | CL | Inkisidor_ · wall_segment Palisade Wall x1 |
| 10:40 | CL | Inkisidor_ · wall_segment Palisade Wall x1 |
| 10:55 | CL | Inkisidor_ · age_up feudal |
| 11:38 | CL | Inkisidor_ · wall_segment Palisade Wall x1 |
| 11:39 | CL | Inkisidor_ · wall_segment Palisade Wall x1 |
| 11:57 | CL | Inkisidor_ · first_market_sell 100 food |
| 14:04 | CL | Inkisidor_ · first_market_buy 100 stone |
| 14:46 | CL | Inkisidor_ · age_up castle |
| 14:57 | CL | Inkisidor_ · first_building Castle |
| 16:08 | boanaan · wall_segment Palisade Wall x13 |
| 16:15 | boanaan · wall_segment Palisade Wall x20 |
| 16:39 | boanaan · wall_segment Palisade Wall x2 |
| 18:05 | boanaan · wall_segment Palisade Wall x1 |
| 18:18 | boanaan · age_up castle |
| 18:33 | boanaan · first_building Monastery |
| 18:55 | CL | Inkisidor_ · first_building Siege Workshop |
| 21:46 | boanaan · first_building Siege Workshop |
| 25:23 | boanaan · first_building Castle |
| 26:49 | CL | Inkisidor_ · resign |
[ ANÁLISIS IA · 1 CRÉDITO ]
¿Qué pasó realmente en esta partida?
Wolo.gg analiza cada decisión: build order, eco, micro, errores típicos por bracket. Análisis personalizado por WhatsApp o Discord en 30 segundos.
Guía civ
Mapuche
Perfil
CL | Inkisidor_